 Dungeon Crawl Stone Soup version 0.28.0-47-ge53b351184 (webtiles) character file.

Game seed: 6127623057587126490

23 Bruhh the Insei (level 3, -3/27 HPs)
             Began as a Djinni Transmuter on Apr 27, 2022.
             Slain by an adder (4 damage)
             ... on level 3 of the Dungeon.
             The game lasted 00:01:19 (1255 turns).

Bruhh the Insei (Djinni Transmuter)                 Turns: 1255, Time: 00:01:20

Health: -3/27      AC:  2    Str:  9    XL:     3   Next: 12%
Gold:   51         EV: 12    Int: 16    God:
                   SH:  0    Dex: 13

rFire   + + .      SeeInvis .     - Unarmed
rCold   x . .      Faith    .   (no shield)
rNeg    . . .      Spirit   .   a - +0 robe
rPois   ∞          Reflect  .   (no helmet)
rElec   .          Harm     .   (no cloak)
rCorr   .          Rampage  .   (no gloves)
Will    .....                   (boots unavailable)
Stlth   +.........              (no amulet)
HPRegen 0.09/turn               (no ring)
MPRegen 0.00/turn               (no ring)

@: flying, very slightly contaminated
A: sickness immunity, fire resistance 2, cold vulnerability 1, float, innate
caster, HP casting, extra vitality 1
a: no special abilities


You were on level 3 of the Dungeon.
You visited 1 branch of the dungeon, and saw 3 of its levels.

You collected 51 gold pieces.

Inventory:

Missiles
 d - 2 poisoned darts
Armour
 a - a +0 robe (worn)
Scrolls
 c - 3 scrolls of teleportation {unknown}
Potions
 b - a potion of curing {unknown}


   Skills:
 - Level 1.0 Fighting
 - Level 2.1 Dodging
 - Level 3.0 Unarmed Combat
 + Level 2.6 Spellcasting


You couldn't memorise any spells.
You knew the following spells:

 Your Spells              Type           Power      Damage    Failure   Level
a - Beastly Appendage     Tmut           20%        N/A       7%          1
b - Wereblood             Tmut           10%        N/A       10%         2
c - Spider Form           Tmut/Pois      10%        N/A       21%         3
d - Ice Form              Ice/Tmut       10%        N/A       54%         4
e - Slow                  Hex            40%        N/A       7%          1
Your spell library was empty.

Dungeon Overview and Level Annotations

Branches:
Dungeon (3/15)

Altars:


Innate Abilities, Weirdness & Mutations

You are immune to sickness and miasma.
You are immune to poison.
Your flesh is very heat resistant. (rF++)
You are vulnerable to cold. (rC-)
You float through the air rather than walking.
You learn spells naturally, not from books.
Your magical power is your life essence.
You have superior vitality. (+4 MHP)


Message History

The worm is lightly wounded.
You hit the worm. Your headbutt misses the worm.
The worm is moderately wounded.
The worm bites you.
You barely miss the worm.
The worm is lightly wounded.
You hit the worm.
The worm is moderately wounded.
The adder bites you but does no damage. The worm bites you!
Your transformation is almost over.
The adder barely misses you.
There is a stone staircase leading up here.
Casting: Beastly Appendage (safe; 7% risk of failure)
Confirm with . or Enter, or press ? or * to list all spells.
The spell is quite dangerous to miscast (21% risk of failure)!
Continue anyway?
You miscast Spider Form.
You are very lightly contaminated with residual magic.
Nothing appears to happen.
* * * LOW HITPOINT WARNING * * *
The adder misses you. The adder barely misses you.
Casting: Spider Form (quite dangerous; 21% risk of failure)
Confirm with . or Enter, or press ? or * to list all spells.
The spell is quite dangerous to miscast (21% risk of failure)!
Continue anyway?
You miscast Spider Form.
Nothing appears to happen.
* * * LOW HITPOINT WARNING * * *
The adder bites you.
* * * LOW HITPOINT WARNING * * *
Your horns disappear.
The adder closely misses you.
Found an escape hatch in the floor.
The adder barely misses you. The adder bites you but does no damage.
Found 15 arrows.
There is an escape hatch in the floor here.
The adder bites you.
* * * LOW HITPOINT WARNING * * *
You fly downwards.
The hatch slams shut behind you.
Found a stone staircase leading up.
Found 12 gold pieces.
The adder bites you.
You die...

#. #...# #..
#...##
#..##....#
.......###
#........#
###.#.#....#
...........#.#
#........#
#.@S#..###
.$.......# .#
........... ..
...###...#.....
.# ...<#.#.###
.....# # #
....### #.##


You could see an adder.

Vanquished Creatures
  A ball python (D:1)
  4 bats (D:1)
  2 endoplasms (D:1)
  A giant cockroach (D:1)
  2 goblins (D:1)
  4 hobgoblins (D:1)
  A kobold (D:1)
  4 rats (D:1)
19 creatures vanquished.

Notes
Turn   | Place    | Note
-------+----------+-------------------------------------------
     0 | D:1      | Bruhh the Djinni Transmuter began the quest for the Orb.
     0 | D:1      | Reached XP level 1. HP: 17/17 MP: 0/0
   390 | D:1      | Reached XP level 2. HP: 21/22 MP: 0/0
   595 | D:1      | Found a faded altar of an unknown god.
   865 | D:1      | Reached XP level 3. HP: 23/27 MP: 0/0
   865 | D:1      | Learned a level 1 spell: Slow
  1241 | D:2      | HP: 1/27 [adder (4)]
  1253 | D:2      | HP: 1/27 [adder (1)]
  1255 | D:3      | Slain by an adder

Illustrated notes

Levels and vault maps discovered:
D:1:      eino_arrival_water_star, layout_loops_ring, basic_ecumenical_altar,
          minmay_misc_feat_square
D:2:      layout_rooms, kennysheep_decorative_pillar, uniq_crazy_yiuf_cottage
D:3:      layout_basic

Skill      XL: |  1 |
---------------+----+-----
Spellcasting   | 2 |  2.6
Fighting       | |  1.0
Dodging        | |  2.1
Unarmed Combat | |  3.0

Action                   || total
-------------------------++-------
Melee: Unarmed           ||    79
       Headbutt          ||     8
       Punch             ||     3
 Cast: Beastly Appendage ||    12
 Stab: Sleeping          ||     1
Armor: Robe              ||    31
Dodge: Dodged            ||    67
